Map: Frozen Temple

Players

blackxored - Winner!

  • Race: Zerg Zerg
  • League: Diamond

Djin

  • Race: Protoss Protoss
  • League: Diamond

VOD

Have the link to the VOD?

Description

Time

  • Played on: July 1, 2016, 10:43 a.m.
  • Length: 7:39
Show
View Real Time Build Order
Export as new Build Order

blackxored Zerg - Winner!

Build Orders: 3 Hatch before Pool 

Get SALT Encoding   

  12  0:01  Drone  
  13  0:08  Drone  
  14  0:17  Overlord  
  14  0:23  Extractor  
  14  0:24  Drone  
  15  0:38  Drone x2  
  17  1:10  Drone x3  
  20  1:14  Hatchery  
  19  1:26  Hatchery  
  19  1:30  Extractor  
  17  1:41  Spawning Pool  
  17  1:43  Drone  
  17  1:46  Drone  
  18  1:50  Drone  
  19  2:01  Drone  
  19  2:07  Drone  
  21  2:16  Drone  
  22  2:31  Queen  
  22  2:33  Queen  
  22  2:35  Overlord  
  26  2:40  Queen  
  26  2:43  Metabolic Boost  
  28  2:47  Drone  
  28  2:48  Drone  
  30  2:51  Zergling x2  
  30  2:53  Zergling x2  
  32  3:04  Drone x4  
  36  3:09  Zergling x2  
  36  3:10  Zergling x2  
  38  3:15  Overlord  
  38  3:20  Pneumatized Carapace  
  38  3:31  Drone  
  38  3:32  Drone x3  
  42  3:34  Overlord  
  42  3:50  Drone x2, Evolution Chamber  
  42  3:52  Baneling Nest  
  42  3:54  Drone x4  
  46  3:56  Drone  
  47  4:14  Drone  
  47  4:15  Extractor, Drone x2  
  47  4:16  Zerg Melee Weapons Level 1  
  48  4:17  Overlord  
  48  4:19  Overlord  
  48  4:23  Overlord  
  48  4:25  Drone  
  48  4:26  Drone x2  
  48  4:29  Drone x3  
  54  4:47  Lair  
  54  4:48  Zergling x18  
  54  4:51  Baneling  
  63  4:54  Baneling  
  63  4:59  Baneling  
  63  5:03  Baneling  
  63  5:12  Zergling x2  
  63  5:13  Zergling x22  
  74  5:19  Zergling x8  
  74  5:20  Zergling x4  
  78  5:30  Zergling x6  
  81  5:44  Baneling x4  
  81  5:47  Overlord x3  
  81  5:56  Infestation Pit  
  80  5:57  Baneling  
  80  5:59  Baneling  
  80  6:03  Baneling  
  80  6:15  Zergling x2  
  80  6:16  Zergling x26  
  91  6:44  Zergling x20  
  99  6:47  Baneling x9  
  99  7:01  Hatchery  
  98  7:11  Baneling x5  
  98  7:13  Zergling x12, Baneling  
Show
View Real Time Build Order
Export as new Build Order

Djin Protoss 

Build Orders: 1 Gate Expand 

Get SALT Encoding   

  12  0:00  Probe (Chrono Boost)  
  13  0:11  Probe (Chrono Boost)  
  14  0:18  Pylon  
  14  0:22  Probe (Chrono Boost)  
  15  0:36  Probe (Chrono Boost)  
  15  0:38  Gateway  
  16  0:46  Probe (Chrono Boost)  
  16  0:49  Assimilator  
  17  0:57  Probe (Chrono Boost)  
  18  1:28  Nexus  
  18  1:32  Cybernetics Core  
  18  1:35  Probe (Chrono Boost)  
  19  1:46  Pylon, Probe (Chrono Boost)  
  20  1:51  Assimilator  
  20  1:56  Probe (Chrono Boost)  
  21  2:07  Probe (Chrono Boost)  
  22  2:11  Adept  
  22  2:13  Warp Gate  
  24  2:17  Probe (Chrono Boost)  
  25  2:28  Probe (Chrono Boost)  
  26  2:33  Robotics Facility  
  26  2:38  Probe (Chrono Boost)  
  26  2:44  Stalker  
  29  2:45  Probe (Chrono Boost)  
  29  2:50  Probe (Chrono Boost)  
  31  2:55  Probe (Chrono Boost)  
  32  3:01  Probe (Chrono Boost)  
  33  3:06  Mothership Core (Chrono Boost)  
  33  3:12  Probe (Chrono Boost)  
  36  3:14  Pylon  
  36  3:15  Adept  
  38  3:24  Warp Prism  
  40  3:32  Probe x2 (Chrono Boost)  
  42  3:42  Probe (Chrono Boost)  
  42  3:43  Sentry, Probe (Chrono Boost)  
  42  3:46  Twilight Council  
  46  3:53  Probe (Chrono Boost)  
  46  3:55  Probe (Chrono Boost)  
  48  4:03  Probe (Chrono Boost)  
  48  4:05  Probe (Chrono Boost)  
  48  4:09  Immortal  
  54  4:13  Pylon  
  54  4:24  Pylon  
  54  4:29  Gateway x2  
  55  4:31  Probe (Chrono Boost)  
  55  4:32  Charge  
  55  4:47  Adept  
  55  4:49  Probe x2 (Chrono Boost)  
  59  4:58  Immortal  
  63  5:15  Adept  
  61  5:31  Gateway  
  61  5:32  Gateway  
  61  5:42  Gateway, Immortal  
  65  5:43  Gateway  
  65  5:45  Gateway x2  
  65  5:47  Sentry  
  67  5:52  Pylon  
  67  5:54  Pylon  
  67  5:57  Pylon  
  67  5:59  Pylon  
  67  6:03  Sentry  
  69  6:16  Nexus  
  59  6:45  Zealot x5  
  62  7:10  Zealot  
  62  7:11  Zealot x4  
  72  7:21  Probe x2 (Chrono Boost)  
  74  7:28  Zealot x2  
Tags
 
Add a new tag
Caveats
  • Supply blocks, unpowered buildings, or Contaminate may cause inaccurate times.
  • Supply counts are checked every 10 seconds.